[Event "*** Titled Tuesday 3|2 Blitz (Late)"]
[Site "Chess.com"]
[Date "2017.01.03"]
[Round "5"]
[White "HouseOfDurin"]
[Black "Shivagami"]
[Result "1-0"]
[WhiteElo "1867"]
[BlackElo "2014"]
[TimeControl "180+2"]
[EndTime "17:59:19 PST"]
[Termination "HouseOfDurin won by resignation"]

1. d4 d5 2. c4 Nc6 3. Nc3 dxc4 4.
Nf3 Nf6 5. e4 Bg4 6. d5 Ne5 7. Be2 Bxf3 8. gxf3 c6 9. f4 Ng6 10. Bxc4 cxd5 11. Bb5+ Nd7 12. Qxd5 e6 13. Qxb7 Bb4 14. Bd2 Rb8 15. Qxa7 Rxb5 16. Nxb5 Bxd2+ 17. Kxd2 Nc5+ 18. Kc1 Nd3+ 19. Kb1 Ndxf4 20. Nc7+ Kf8 21. Qc5+ Kg8 22. a3 Nd3 23. Qc2 Ngf4 24. Rd1 Qc8 25. Ka2 Qb7 26. Nb5 h6 27. Rxd3 Qxb5 28. Rd8+ Kh7 29. e5+ g6 30. Rxh8+ Kxh8 31. Rc1 Qd5+ 32. Qc4 Qxe5 33. Qc3 Qxc3 34. Rxc3 Ne2 35. Rc2 Nd4 36.
Rc8+ Kg7 37. a4 Kf6 38. b4 Kf5 39. a5 Nb5 40. Rc5+ Kf4 41. Rxb5 Kf3 42. Rb7 Kxf2 43.
Rxf7+ Kg2 44. Rf6 Kxh2 45. Rxg6 e5 46. Rxh6+ Kg3 47. Re6 Kf4 48. a6 e4 49. Rxe4+ Kxe4 50. a7 Kd4 51. a8=Q Kc4 52. Qa5 Kc3 53. Qc5+ 1-0

[Event "*** Titled Tuesday 3|2 Blitz (Late)"]
[Site "Chess.com"]
[Date "2017.01.03"]
[Round "5"]
[White "aspired"]
[Black "severomorskij"]
[Result "1/2-1/2"]
[WhiteElo "2469"]
[BlackElo "2597"]
[TimeControl "180+2"]
[EndTime "17:59:21 PST"]
[Termination "Game drawn by repetition"]

1. e4 c5 2. Nf3 Nc6 3. Bb5 d6 4.
O-O Bd7 5. Re1 Nf6 6. c3 a6 7. Bf1 Bg4 8. h3 Bxf3 9. Qxf3 e6 10. d3 Be7 11. Nd2 O-O 12. Qe2 b5 13. f4 d5 14. Nf3 c4 15. exd5 exd5 16. Be3 Qc7 17. Rad1 Rfe8 18. Qf2 Bd6 19. g3 h6 20. Nd4 cxd3 21.
Bxd3 Ne4 22. Qf3 Rad8 23. Kg2 Bf8 24. Bg1 Nxd4 25. Bxd4 Qc6 26. a3 Rd7 27. Re2 Rde7 28. Rde1 f5 29. g4 g6 30. gxf5 gxf5 31. Kh2 Bg7 32.
Rg1 Kh7 33. Qh5 Rf8 34. Reg2 Bxd4 35. cxd4 Rf6 36. Qh4 Qd6 37. Rc1 Rg7 38. Rxg7+ Kxg7 39. Rg1+ Rg6 40. Rxg6+ Kxg6 41. Kg2 Qf6 42. Qxf6+ Kxf6 43. Kf3 Nd2+ 44. Ke2 Nc4 45. b3 Nxa3 46. Kd2 a5 47. Kc3 b4+ 48. Kb2 Ke6 49. h4 Kf6 50. h5 Ke6 51.
Ka2 Kf6 52. Kb2 Ke6 53. Ka2 Kf6 54. Kb2 Ke6 1/2-1/2

[Event "*** Titled Tuesday 3|2 Blitz (Late)"]
[Site "Chess.com"]
[Date "2017.01.03"]
[Round "5"]
[White "sandromareco"]
[Black "iturrizaga"]
[Result "0-1"]
[WhiteElo "2461"]
[BlackElo "2694"]
[TimeControl "180+2"]
[EndTime "17:59:23 PST"]
[Termination "iturrizaga won by resignation"]

1. Nf3 c5 2. c4 g6 3. Nc3 Bg7 4. g3 Nc6 5. Bg2 Nh6 6. d4 cxd4 7. Nxd4 O-O 8. Nc2 Nf5 9. O-O b6 10. Rb1 Ba6 11. Nb5 Rc8 12. b3 Bxb5 13. cxb5 Ncd4 14. Nxd4 Nxd4 15. a4 Rc2 16. e3 Ne2+ 17. Kh1 Rxc1 18. Rxc1 Nxc1 19. Qxc1 Qc8 20. Rd1 e6 21. h4 d5 22. Qc6 Qxc6 23. bxc6 Rc8 24. Rc1 f5 25. b4 Bf8 26. b5 Bb4 27. Kg1 Kf7 28. Kf1 Ke7 29. Ke2 Kd6 30. f4 Bc5 31. Bf3 a6 32. g4 fxg4 33. Bxg4 Ra8 34. e4 axb5 35. axb5 Ra2+ 36.
Ke1 Rb2 37. e5+ Kc7 38. Bxe6 Rxb5 39. Ke2 Kxc6 40. Bg8 Rb4 41. Bxh7 Rxf4 42. Bxg6 Rxh4 43. Kf3 d4 44. Be4+ Kd7 45. Bd5 d3 46. Rd1 Rd4 47.
Bb3 d2 48. Ke2 Bb4 49. e6+ Kd6 50. Ke3 Rh4 51. Kd3 Rh3+ 52. Kc4 Ba5 0-1

[Event "*** Titled Tuesday 3|2 Blitz (Late)"]
[Site "Chess.com"]
[Date "2017.01.03"]
[Round "5"]
[White "platy3"]
[Black "Gordima"]
[Result "0-1"]
[WhiteElo "2602"]
[BlackElo "2496"]
[TimeControl "180+2"]
[EndTime "17:59:25 PST"]
[Termination "Gordima won on time"]

1. e4 c5 2. Nf3 d6 3. d4 cxd4 4.
Nxd4 Nf6 5. Nc3 a6 6. a4 g6 7. Be2 Bg7 8. Be3 O-O 9. O-O Nc6 10.
Qd2 Bd7 11. Rfd1 Rc8 12. Nxc6 Bxc6 13. f3 Nd7 14. Ra2 Qc7 15. a5 Rfe8 16. Bf1 Nf6 17. b3 Bd7 18. Bc4 Be6 19. Bxe6 fxe6 20. Na4 d5 21. exd5 exd5 22. Bg5 Rcd8 23. Nb6 Qc5+ 24. Kh1 d4 25. Ra4 Qf5 26. Rc4 e5 27. Rc5 Qe6 28. Re1 e4 29. Bxf6 Qxf6 30. Rf1 d3 31. cxd3 exd3 32. Rd5 Rxd5 33. Nxd5 Qd4 34. Nf4 Bh6 35. g3 Bxf4 36. gxf4 Re2 37. Qc1 Rc2 38. Qe1 Qxf4 39.
Qe6+ Kg7 40. Qd7+ Kh6 41. Qh3+ Kg5 42. Qxh7 Rc1 0-1

[Event "*** Titled Tuesday 3|2 Blitz (Late)"]
[Site "Chess.com"]
[Date "2017.01.03"]
[Round "5"]
[White "josiwales"]
[Black "ChristopherYoo"]
[Result "1/2-1/2"]
[WhiteElo "2238"]
[BlackElo "2049"]
[TimeControl "180+2"]
[EndTime "17:59:38 PST"]
[Termination "Game drawn by repetition"]

1. e4 e5 2. Nf3 Nc6 3. Bc4 Bc5 4.
O-O Nf6 5. d4 Bxd4 6. Nxd4 Nxd4 7. f4 d6 8. fxe5 dxe5 9. Bg5 h6 10. Bxf6 gxf6 11. c3 Ne6 12. Qxd8+ Kxd8 13. Rxf6 Ke7 14. Rf2 Nf4 15. Nd2 Be6 16. Bxe6 Kxe6 17. Nf3 Rhg8 18. Kf1 Rad8 19. Nd4+ exd4 20. Rxf4 d3 21. Rd1 c5 22. c4 Rd4 23. b3 Rg6 24. Rd2 a6 25. Kf2 b5 26. cxb5 axb5 27. Ke3 Rg5 28. g3 f6 29.
Rxd3 Rxd3+ 30. Kxd3 Rg8 31. Kc3 Ra8 32. Kb2 Rd8 33.
Kc3 Rd1 34. Rf5 Rc1+ 35. Kb2 Rh1 36. Rxc5 Rxh2+ 37. Ka3 b4+ 38. Kxb4 Rxa2 39. Rh5 Rg2 40. Rxh6 Rxg3 41. Rh4 Ke5 42. Kc4 Rg1 43. b4 Rc1+ 44. Kb5 Kd6 45. Kb6 Rc6+ 46. Ka5 Rc1 47. b5 Ra1+ 48.
Kb6 Rb1 49. Rh8 Rb4 50. Rd8+ Ke7 51. Rd1 Rxe4 52. Kb7 Rb4 53. b6 Ke6 54. Kc6 Ke5 55.
Kc5 Rb2 56. Re1+ Kf5 57. Kc6 Kg4 58. b7 f5 59. Re5 Rxb7 60. Kxb7 f4 61. Kc6 f3 62.
Re8 f2 63. Rg8+ Kf3 64. Rf8+ Ke2 65.
Re8+ Kf3 66. Rf8+ Ke2 67. Re8+ Kf3 68. Rf8+ Ke2 69. Re8+ Kf3 70. Rf8+ Ke2 71. Re8+ 1/2-1/2

[Event "*** Titled Tuesday 3|2 Blitz (Late)"]
[Site "Chess.com"]
[Date "2017.01.03"]
[Round "5"]
[White "Kacparov"]
[Black "Izoria123"]
[Result "0-1"]
[WhiteElo "2577"]
[BlackElo "2446"]
[TimeControl "180+2"]
[EndTime "18:00:15 PST"]
[Termination "Izoria123 won by checkmate"]

1. e4 c5 2. Nf3 d6 3. d4 cxd4 4. Nxd4 Nf6 5. Nc3 g6 6. Bc4 Bg7 7. Bb3 O-O 8. O-O Na6 9. Re1 Nc5 10. Bg5 h6 11. Bh4 Bd7 12. Qd2 Rc8 13. Rad1 Kh7 14.
f3 Re8 15. Bf2 Kg8 16. Nde2 a5 17. a3 b5 18. Ba2 b4 19. axb4 axb4 20. Nd5 Nxd5 21.
Bxd5 e6 22. Bb3 Nxb3 23. cxb3 Bf8 24. Qxb4 Rb8 25. Qc3 Qc8 26. b4 Qb7 27. Bg3 Rec8 28. Qd2 Ba4 29. Rc1 Rxc1 30. Rxc1 Qxb4 31. Qxb4 Rxb4 32.
Rc8 e5 33. Nc3 Bb3 34. f4 Be6 35. Rd8 f6 36. fxe5 fxe5 37. Bh4 g5 38. Bf2 Rxb2 39. h3 Kf7 40. Ra8 Be7 41. Ra7 Kf6 42. Ra1 Rc2 43. Nd1 Rc4 44. Ne3 Rxe4 45. Rd1 Ra4 46. Kf1 Kg6 47. Ke2 Ra2+ 48. Kf1 h5 49.
Kg1 g4 50. hxg4 hxg4 51. g3 Ra6 52. Kg2 Bg5 53. Nc2 Bf5 54. Nb4 Be4+ 55. Kg1 Ra8 56. Rxd6+ Kf5 57. Rd1 Rh8 58. Kf1 Rh1+ 59. Bg1 Be3 60.
Ke2 Rxg1 61. Rd8 Bd4 62. Rf8+ Ke6 63. Re8+ Kd7 64. Rg8 Rxg3 65. Rg7+ Ke6 66. Na6 Rg2+ 67. Ke1 g3 68. Nc7+ Kf5 69. Rf7+ Kg4 70. Ne6 Be3 71. Rg7+ Kf5 72. Re7 Bd3 73. Ng7+ Kf6 74. Nh5+ Kxe7 75. Nxg3 Rg1+ 76. Nf1 Rxf1# 0-1

[Event "*** Titled Tuesday 3|2 Blitz (Late)"]
[Site "Chess.com"]
[Date "2017.01.03"]
[Round "5"]
[White "MFBerna"]
[Black "StegariuVlad"]
[Result "1-0"]
[WhiteElo "2223"]
[BlackElo "2421"]
[TimeControl "180+2"]
[EndTime "18:00:15 PST"]
[Termination "MFBerna won by resignation"]

1. e4 e5 2. Nf3 Nc6 3. Bb5 a6 4. Ba4 Nf6 5. O-O b5 6. Bb3 Be7 7. Re1 O-O 8. c3 d6 9. h3 Bb7 10.
d4 Nb8 11. Nbd2 Nbd7 12. Bc2 Re8 13. Nf1 Bf8 14. Ng3 g6 15. a4 c6 16. Bg5 Bg7 17. b4 Qc7 18. Qd2 d5 19. axb5 axb5 20.
Rxa8 Bxa8 21. exd5 exd4 22. Rxe8+ Nxe8 23. Nxd4 cxd5 24. Nxb5 Qc4 25. Nd4 Nd6 26. Bd3 Qc7 27. Bf4 Qb6 28. Qe3 Nf6 29. Qe7 Nfe8 30. Be3 Bf8 31. Qh4 Qc7 32.
Nge2 Bg7 33. Qf4 Qe7 34. Nf3 Bb7 35. Bd4 Bf8 36. Ne5 Nf6 37. Nxg6 hxg6 38. Qxf6 Qxf6 39. Bxf6 Bh6 40. Bd4 Bd2 41. f3 Kf8 42. Kf2 Ke7 43. Be3 Bxe3+ 44. Kxe3 Nc8 45. Kd4 Kd6 46. c4 dxc4 47.
Bxc4 f6 48. Nf4 g5 49. Nh5 Ke7 50. Bd5 Ba6 51. Ng7 Nd6 52. Kc5 Bf1 53. f4 gxf4 54.
Nh5 Nf5 55. Nxf4 Ne3 56. Bf3 Kd7 57. b5 Kc7 58. Nd5+ Nxd5 59. Bxd5 Be2 60. b6+ Kb8 61. Kd6 Bd3 62. Ke6 f5 63. Kf6 f4 64. Ke5 1-0

[Event "*** Titled Tuesday 3|2 Blitz (Late)"]
[Site "Chess.com"]
[Date "2017.01.03"]
[Round "5"]
[White "Divertissement"]
[Black "jbj"]
[Result "1/2-1/2"]
[WhiteElo "2436"]
[BlackElo "2348"]
[TimeControl "180+2"]
[EndTime "18:01:01 PST"]
[Termination "Game drawn by repetition"]

1. c4 e5 2. Nc3 Bb4 3. g3 f5 4.
Bg2 Nf6 5. e3 O-O 6. Nge2 c6 7.
Qb3 Bxc3 8. Nxc3 d6 9. O-O Na6 10.
d4 Qc7 11. d5 Nc5 12. Qc2 a5 13. dxc6 bxc6 14. b3 Be6 15. Ba3 Nfd7 16. Rfd1 Rf6 17. Nb5 cxb5 18. Bxa8 Nb6 19. Bg2 bxc4 20. bxc4 Nxc4 21.
Bxc5 Qxc5 22. Rac1 f4 23. exf4 exf4 24. Bf1 d5 25. Bxc4 dxc4 26. Re1 fxg3 27. hxg3 Kf7 28. Rcd1 Bf5 29. Qe2 Kg6 30. Qe3 Qc6 31. Rd4 c3 32. g4 Be6 33. Qd3+ Kf7 34. Qe3 c2 35. Rf4 Bxa2 36.
Rxf6+ gxf6 37. Rc1 Bd5 38. Qh6 Be4 39. f3 Qc5+ 40. Kf1 Bd3+ 41. Kg2 Qg5 42. Qxg5 fxg5 43. Kf2 Ke6 44. Ke3 Bg6 45. Ra1 Kd5 46. Rxa5+ Kc4 47.
Kd2 Kb3 48. Rxg5 Kc4 49. Re5 Kd4 50. Re1 h5 51. g5 Bf5 52. f4 h4 53. Re5 h3 54. Re2 Bg4 55. Rh2 Bf5 56. g6 Bxg6 57. Rxh3 Ke4 58. Rh4 Kf3 59. Rh6 Be4 60. Rf6 Kg4 61. Rf8 Bf5 62. Rg8+ Kxf4 63. Rg7 Ke5 64.
Rc7 Kf6 65. Rc3 Ke5 66. Ke3 Bg6 67. Rc5+ Kd6 68. Kd4 Bh7 69. Rc3 Ke6 70. Rc6+ Kd7 71. Rc5 Kd6 72. Rd5+ Ke6 73. Rc5 Kd6 1/2-1/2

[Event "*** Titled Tuesday 3|2 Blitz (Late)"]
[Site "Chess.com"]
[Date "2017.01.03"]
[Round "5"]
[White "AdrianaNikolova"]
[Black "yian123"]
[Result "1/2-1/2"]
[WhiteElo "2264"]
[BlackElo "2375"]
[TimeControl "180+2"]
[EndTime "18:01:11 PST"]
[Termination "Game drawn by repetition"]

1. e4 e5 2. Nf3 Nc6 3. Nc3 Nf6 4. Bb5 Bd6 5. d3 a6 6. Ba4 O-O 7. a3 Re8 8. g4 Nxg4 9. Rg1 Nf6 10. Bh6 g6 11. Bg5 Be7 12. h4 d6 13. Qd2 Be6 14.
O-O-O b5 15. Bb3 Bxb3 16. cxb3 Nd4 17. Nxd4 exd4 18. Nd5 Nxd5 19. exd5 Bxg5 20. Rxg5 Re5 21. Qf4 Qe7 22. Qxd4 Rxg5 23. hxg5 Qxg5+ 24. f4 Qe7 25. Rd2 Re8 26. Kc2 Qe3 27. Qc3 Qxf4 28. Qxc7 Qf5 29. Kb1 Qxd5 30. Ka2 h5 31. Rf2 Qe6 32. d4 Rc8 33.
Qb6 Rc1 34. Qd8+ Kg7 35. Qg5 Rd1 36. Qf4 a5 37. Qf3 Rxd4 38. Qc3 Qe5 39. Qxa5 h4 40. Qa7 Rf4 41. Rh2 g5 42. Qd7 Rf3 43. Rg2 Qd5 44.
Rg1 Qxb3+ 45. Ka1 Qd5 46. Qe7 Rg3 47. Rf1 Rd3 48. Qf6+ Kg8 49. Qd8+ Kh7 50. Qf6 Rd1+ 51. Rxd1 Qxd1+ 52. Ka2 Qd5+ 53. Ka1 h3 54. Qf2 Qe6 55. Qg3 g4 56. Qh4+ Kg7 57. Qg5+ Qg6 58. Qf4 g3 59. Qd4+ f6 60. Qxd6 g2 61. Qd7+ Kh6 62.
Qxh3+ Kg7 63. Qd7+ Kf8 64. Qd8+ Kf7 65. Qd7+ Kg8 66.
Qe6+ Kg7 67. Qd7+ Kh6 68. Qh3+ Kg7 69. Qd7+ Kh8 70. Qh3+ Kg8 71. Qc8+ Kh7 72. Qh3+ Kg7 73. Qd7+ Qf7 74. Qg4+ Qg6 75. Qd7+ 1/2-1/2

[Event "*** Titled Tuesday 3|2 Blitz (Late)"]
[Site "Chess.com"]
[Date "2017.01.03"]
[Round "5"]
[White "penguingm1"]
[Black "Hikaru"]
[Result "0-1"]
[WhiteElo "2696"]
[BlackElo "2852"]
[TimeControl "180+2"]
[EndTime "18:01:15 PST"]
[Termination "Hikaru won by resignation"]

1. d4 d5 2. c4 c6 3. Nf3 Nf6 4. e3 Qb6 5. Nc3 Bf5 6. Nh4 Bg6 7.
Nxg6 hxg6 8. Qb3 e6 9. Bd2 Nbd7 10. h3 g5 11. Bd3 g4 12. O-O-O gxh3 13. gxh3 Qxb3 14.
axb3 g6 15. Kc2 Bg7 16. c5 a6 17. f4 Ke7 18. Bf1 Nh5 19. Ne2 Bf6 20. Bg2 Ng7 21.
Bf3 Bh4 22. Ba5 Nf5 23. Kd3 Bf2 24. Bd2 Nh4 25. Bg4 f5 26. Rdf1 fxg4 27. hxg4 Nf6 28. Rxf2 Nxg4 29. Rff1 Kf7 30. Ng3 Nf5 31. Nxf5 exf5 32.
Ke2 Rae8 33. Rfg1 Kg7 34. Kf3 Re7 35. Rxh8 Kxh8 36. Rh1+ Kg8 37. Rh3 Re8 38. Ke2 Re7 39. Ba5 Rd7 40. Kf3 Kg7 41. Ke2 Nf6 42.
Kf3 Nh5 43. Rh1 Kf7 44. Rh2 Ke6 45. Rh1 Rh7 46. Rh2 Kd7 47. Rh1 Rh8 48. Rh2 Re8 49. Rh1 Nf6 50. Rh6 Rxe3+ 51. Kxe3 Ng4+ 52. Kf3 Nxh6 53. Kg3 Ng4 54. Bd2 Ke6 55. Bc1 Nf6 56. Be3 Ne4+ 57. Kf3 a5 58. Bc1 Kd7 59. Be3 Kc7 60.
Ke2 b6 61. Kd3 Kb7 62. cxb6 Kxb6 63. Kc2 Kb5 64. Bc1 c5 65. Kd3 c4+ 66. bxc4+ dxc4+ 67. Kc2 Kc6 68. b3 Kd5 69. Be3 Nd6 70. Bd2 cxb3+ 71. Kxb3 Kxd4 72. Bxa5 Ke4 73. Bc7 Nb5 74. Bb8 Nd4+ 75.
Kc3 Ne2+ 76. Kd2 Nxf4 77. Ke1 Kf3 78. Kf1 Ne2 79. Bh2 f4 80. Ke1 g5 0-1

[Event "*** Titled Tuesday 3|2 Blitz (Late)"]
[Site "Chess.com"]
[Date "2017.01.03"]
[Round "5"]
[White "PelinGorki"]
[Black "Mornar1951"]
[Result "0-1"]
[WhiteElo "2410"]
[BlackElo "2581"]
[TimeControl "180+2"]
[EndTime "18:01:38 PST"]
[Termination "Mornar1951 won by resignation"]

1. e4 c5 2. Nf3 d6 3. d4 cxd4 4.
Nxd4 Nf6 5. Nc3 Nc6 6. Bg5 a6 7. Qd2 Nxd4 8. Qxd4 Qa5 9. h4 e5 10. Qd2 Be6 11. h5 Be7 12. h6 g6 13. Be2 Rc8 14. O-O Rxc3 15. Bxf6 Bxf6 16. Qxc3 Qxc3 17. bxc3 Kd7 18. Rab1 Kc7 19. a4 Bg5 20. Rb2 Bxh6 21.
Rfb1 Bc8 22. Bc4 Bd2 23. Bxf7 Bxc3 24. Rb3 Bd4 25. Bd5 b6 26. Rf3 Rd8 27. Rf7+ Rd7 28. c3 Bc5 29. g3 Rxf7 30. Bxf7 Bd7 31. Bb3 Bc6 32. Re1 h5 33. Kg2 g5 34. f3 Be8 35. Rh1 Be3 36. Bc4 a5 37. Bb5 Bg6 38. Kf1 Bc5 39. Ke2 Kd8 40. Kd3 Ke7 41. Rh2 Kf6 42.
Bc6 Kg7 43. Bd5 Kh6 44. Kc4 Be8 45. Kb3 Kg7 46. Bc4 Kh6 47. Bb5 Bf7+ 48. Kc2 Kg6 49. Kd3 Kh6 50. Bd7 Kg6 51. Bf5+ Kg7 52. Bc8 Be8 53.
Ba6 Kh6 54. Bc4 Bxa4 55. Bf7 h4 56. gxh4 gxh4 57. Rxh4+ Kg5 58. Rh8 Bd1 59. Rg8+ Kf6 60. Bh5 Ke7 61. Kd2 Bb3 62. Rh8 a4 63. Be8 a3 64.
Bc6 a2 65. Rh1 Ba3 66. Ra1 Bb2 67.
Rxa2 Bxa2 68. Kc2 Ba3 69. Bb7 Bc4 70. Bc6 Be2 71. Kd2 Bxf3 72. Ke3 Bg4 73. Kd3 Bc5 74.
Bd5 Be6 75. Bc6 Bd7 76. Bd5 Bb5+ 77. c4 Bd7 78. Kc3 Kd8 79. Kd3 Kc7 80. Kc3 Bc6 0-1

[Event "*** Titled Tuesday 3|2 Blitz (Late)"]
[Site "Chess.com"]
[Date "2017.01.03"]
[Round "5"]
[White "MaestroASK"]
[Black "yurisolo"]
[Result "1/2-1/2"]
[WhiteElo "2472"]
[BlackElo "2455"]
[TimeControl "180+2"]
[EndTime "18:01:57 PST"]
[Termination "Game drawn - insufficient material"]

1. g3 d5 2. d3 c6 3. e4 e5 4. Bg2 Nf6 5. f3 Bc5 6. Nh3 O-O 7. Nd2 Nbd7 8. Qe2 Re8 9. Nf2 a5 10. a4 h6 11. O-O Qc7 12. Nb3 Bf8 13. Bd2 g6 14. Rfd1 Bg7 15. Qe1 b6 16. Rdb1 Bb7 17. Qc1 Kh7 18. Bf1 c5 19. c4 d4 20. Qe1 Nh5 21.
Qe2 Qd6 22. Bg2 f5 23. Be1 Ndf6 24. Nd2 Re7 25. Bh3 Bc8 26. Qf1 Bd7 27. b3 Rf8 28. Qg2 Ref7 29. Ra2 Qc6 30. Nh1 fxe4 31. Nxe4 Bxh3 32.
Qxh3 Ng8 33. Nd2 Ne7 34. Nf2 Nf5 35. Nfe4 Ne3 36. Bf2 Nf6 37. Re1 Nxe4 38. dxe4 h5 39. Bxe3 dxe3 40. Rxe3 Bh6 41. Rd3 Bxd2 42. Raxd2 Rxf3 43. Qd7+ Qxd7 44. Rxd7+ Kh6 45. R7d3 h4 46. Kg2 Rf1 47.
gxh4 R1f4 48. Re2 R8f6 49. Rd5 Re6 50. Kg3 Kh5 51. h3 Rf1 52. Rd8 Kh6 53. Rf2 Rg1+ 54. Kh2 Rb1 55. Rf7 g5 56. hxg5+ Kxg5 57. Rg8+ Kh6 58. Rf3 Rg6 59. Rxg6+ Kxg6 60. Rd3 Re1 61. Rd6+ Kg5 62. Rxb6 Re3 63. Rb5 Kf4 64. h4 Re2+ 65.
Kh3 Re3+ 66. Kg2 Re2+ 67. Kf1 Rb2 68. h5 Kxe4 69. h6 Rh2 70. Rxc5 Rxh6 71. Rxa5 Kf3 72. Ke1 e4 73. Re5 Ke3 74. Kd1 Kd3 75. Kc1 Kc3 76.
Kd1 Kxb3 77. Rxe4 Kxa4 78. Kc2 Rh3 79. Rd4 Kb4 80. Rd3 Rh2+ 81. Rd2 Rxd2+ 82. Kxd2 Kxc4 1/2-1/2

[Event "*** Titled Tuesday 3|2 Blitz (Late)"]
[Site "Chess.com"]
[Date "2017.01.03"]
[Round "6"]
[White "DuleMudule"]
[Black "afgano29"]
[Result "1-0"]
[WhiteElo "2518"]
[BlackElo "2410"]
[TimeControl "180+2"]
[EndTime "18:03:47 PST"]
[Termination "DuleMudule won by resignation"]

1. d4 Nf6 2. Bg5 e6 3. e3 c5 4. c3 h6 5. Bh4 Be7 6. Nd2 b6 7.
Bxf6 Bxf6 8. Ngf3 Bb7 9. Bd3 d6 10. Qe2 Nd7 11. h4 Qc7 12. g4 d5 13. O-O-O g6 14. g5 hxg5 15. hxg5 Bg7 16. Rxh8+ Bxh8 17. Rh1 Kd8 18. Rxh8+ 1-0

[Event "*** Titled Tuesday 3|2 Blitz (Late)"]
[Site "Chess.com"]
[Date "2017.01.03"]
[Round "6"]
[White "pKiLz5Rn9b"]
[Black "Ilja_Semjonovs"]
[Result "1-0"]
[WhiteElo "2476"]
[BlackElo "2205"]
[TimeControl "180+2"]
[EndTime "18:06:19 PST"]
[Termination "pKiLz5Rn9b won by checkmate"]

1. e4 c5 2. c3 Nf6 3. e5 Nd5 4. Nf3 e6 5. g3 Nc6 6. Bg2 d6 7. exd6 Bxd6 8. O-O O-O 9. d4 cxd4 10.
Nxd4 Nxd4 11. Qxd4 Be7 12. Rd1 Nf6 13. Be3 Qxd4 14.
Bxd4 Nd5 15. Nd2 Bf6 16. Bxf6 Nxf6 17. Nc4 Rb8 18. Ne5 Re8 19. a4 Kf8 20. a5 a6 21.
Ra4 Ke7 22. Rad4 h6 23. h4 Ng8 24. Rc4 Kf6 25. Re1 Re7 26. Rf4# 1-0

[Event "*** Titled Tuesday 3|2 Blitz (Late)"]
[Site "Chess.com"]
[Date "2017.01.03"]
[Round "6"]
[White "Ksenia_Legenko"]
[Black "beastfromweast"]
[Result "0-1"]
[WhiteElo "2051"]
[BlackElo "2279"]
[TimeControl "180+2"]
[EndTime "18:07:19 PST"]
[Termination "beastfromweast won by resignation"]

1. d4 d5 2. c4 e6 3. Nf3 Be7 4.
g3 Nf6 5. Bg2 O-O 6. O-O Nbd7 7.
Nbd2 c6 8. Qc2 b6 9. e4 dxc4 10. Nxc4 Ba6 11. Rd1 c5 12. d5 exd5 13. exd5 Bxc4 14.
Qxc4 Bd6 15. Be3 Re8 16. a3 Rb8 17. Qh4 b5 18. Rac1 c4 19. Bxa7 Ra8 20. Be3 Bc5 21.
Bd4 Re4 22. Qh3 Qb6 23. Bxc5 Nxc5 24. Ng5 Re2 25. Bf3 Rxb2 26. d6 Nd3 27. Rf1 Nxf2 28. Qg2 Nh3+ 29. Kh1 Rxg2 30. Bxg2 Qg1+ 0-1

[Event "*** Titled Tuesday 3|2 Blitz (Late)"]
[Site "Chess.com"]
[Date "2017.01.03"]
[Round "6"]
[White "Assasin14"]
[Black "Rating-Schmating"]
[Result "1-0"]
[WhiteElo "2228"]
[BlackElo "2259"]
[TimeControl "180+2"]
[EndTime "18:07:20 PST"]
[Termination "Assasin14 won by resignation"]

1. d4 Nf6 2. Bf4 d5 3. e3 Bf5 4. Nf3 e6 5. c4 c6 6. Nc3 Bd6 7. Bg3 Ne4 8. Qb3 Nxg3 9. hxg3 Qb6 10. c5 Qxb3 11. axb3 Bc7 12. b4 Nd7 13. b5 O-O 14. Be2 e5 15. Kd2 exd4 16. exd4 Nf6 17. Nh4 Be4 18. f3 Bg6 19. Nxg6 hxg6 20. g4 Bf4+ 21. Kc2 Nd7 22. Ra3 cxb5 23. Nxd5 Bg5 24. Bxb5 Rfd8 25.
Bxd7 Rxd7 26. Nb6 axb6 27. Rxa8+ Rd8 28. Rxd8+ Bxd8 29. Ra1 bxc5 30. Ra8 cxd4 31. Rxd8+ 1-0

[Event "*** Titled Tuesday 3|2 Blitz (Late)"]
[Site "Chess.com"]
[Date "2017.01.03"]
[Round "6"]
[White "Kanthecarowin"]
[Black "simplerXiao"]
[Result "1-0"]
[WhiteElo "2265"]
[BlackElo "2341"]
[TimeControl "180+2"]
[EndTime "18:07:33 PST"]
[Termination "Kanthecarowin won by checkmate"]

1. d4 Nf6 2. c4 e5 3. e3 exd4 4. exd4 d5 5. cxd5 Nxd5 6. Bd3 Bb4+ 7. Bd2 O-O 8. Ne2 Nc6 9. O-O Re8 10. Nbc3 Bg4 11.
f3 Bh5 12. Qb3 Bxc3 13. bxc3 Na5 14. Qc2 Bg6 15. c4 Rxe2 16. Bxg6 hxg6 17. cxd5 Qxd5 18.
Qd3 Rae8 19. Rab1 b6 20. h4 Qxa2 21. Bxa5 Qxa5 22. h5 Qxh5 23. Rf2 R2e3 24. Qa6 Qf5 25. Rbf1 Qd5 26. Qxa7 R8e7 27. Qb8+ Kh7 28. g4 Re8 29. Qxc7 Qxd4 30. Qxf7 Re2 31. Kg2 Qb2 32. Rh1# 1-0

[Event "*** Titled Tuesday 3|2 Blitz (Late)"]
[Site "Chess.com"]
[Date "2017.01.03"]
[Round "6"]
[White "QuintilianoR"]
[Black "fastestmindalive"]
[Result "0-1"]
[WhiteElo "2514"]
[BlackElo "2441"]
[TimeControl "180+2"]
[EndTime "18:07:42 PST"]
[Termination "fastestmindalive won by resignation"]

1. d4 Nf6 2. Nf3 e6 3. Bf4 c5 4. e3 b6 5. c3 Bb7 6. Nbd2 Be7 7. h3 d6 8. Bd3 O-O 9. O-O cxd4 10. exd4 Nbd7 11. Bh2 a6 12. a4 h6 13. Re1 Re8 14. Nc4 Nf8 15. a5 b5 16. Nb6 Rb8 17. Nd2 N8d7 18.
Nxd7 Qxd7 19. c4 bxc4 20. Nxc4 Nd5 21. Rc1 Ba8 22. Qe2 Red8 23. Be4 Qb5 24. Red1 Bf8 25. f3 Rbc8 26. Rc2 Nb4 27. Bd3 Nxc2 28. Nxd6 Nxd4 29. Qf1 Qc5 30. Nxc8 Rxc8 31. Kh1 Nf5 32. Bxa6 Ne3 0-1

[Event "*** Titled Tuesday 3|2 Blitz (Late)"]
[Site "Chess.com"]
[Date "2017.01.03"]
[Round "6"]
[White "Iball95"]
[Black "AdrianaNikolova"]
[Result "1-0"]
[WhiteElo "2435"]
[BlackElo "2260"]
[TimeControl "180+2"]
[EndTime "18:07:52 PST"]
[Termination "Iball95 won by resignation"]

1. e4 c5 2. Nf3 Nc6 3. Bb5 d6 4. O-O Bd7 5. Re1 Nf6 6. c3 a6 7. Bf1 Bg4 8. h3 Bh5 9. d4 cxd4 10. cxd4 e5 11. g4 Bg6 12. d5 Nb8 13. Nc3 Nbd7 14. a4 Nc5 15. Nd2 h5 16. g5 Ng8 17. Nb3 Rc8 18. Nxc5 dxc5 19. Qb3 Be7 20. Qxb7 Rc7 21. Qxa6 Bxg5 22. d6 Rd7 23. Bb5 Bxc1 24.
Bxd7+ Kxd7 25. Qb5+ Ke6 26. Qc4+ Kf6 27. Raxc1 Qxd6 28. Nd5+ Kg5 29. Rcd1 Qe6 30. Qc1+ Kh4 31. Rd3 f5 32.
exf5 Bxf5 33. Rg3 Bg4 34. Nf4 exf4 35. Rxe6 fxg3 36. fxg3+ Kxh3 37. Qf1+ Kxg3 38. Qf2+ 1-0

[Event "*** Titled Tuesday 3|2 Blitz (Late)"]
[Site "Chess.com"]
[Date "2017.01.03"]
[Round "6"]
[White "jbj"]
[Black "MattyDPerrine"]
[Result "1-0"]
[WhiteElo "2367"]
[BlackElo "2234"]
[TimeControl "180+2"]
[EndTime "18:07:53 PST"]
[Termination "jbj won by resignation"]

1. e4 c5 2. d4 cxd4 3. c3 d3 4.
Bxd3 Nc6 5. c4 g6 6. Nf3 Bg7 7. O-O d6 8. h3 Nf6 9. Nc3 O-O 10.
Be3 Nd7 11. Rc1 Nc5 12. Bb1 Be6 13. b3 Qa5 14. Qd2 Rfd8 15. Bh6 Bh8 16. Ng5 Bd7 17. f4 Qb4 18. f5 Be8 19. fxg6 hxg6 20. Kh1 e6 21. Rf3 a5 22. Rcf1 Ne5 23. Rg3 a4 24. Nd5 1-0

[Event "*** Titled Tuesday 3|2 Blitz (Late)"]
[Site "Chess.com"]
[Date "2017.01.03"]
[Round "6"]
[White "StegariuVlad"]
[Black "HouseOfDurin"]
[Result "0-1"]
[WhiteElo "2406"]
[BlackElo "1895"]
[TimeControl "180+2"]
[EndTime "18:08:19 PST"]
[Termination "HouseOfDurin won by resignation"]

1. d4 Nf6 2. c4 c5 3. d5 b5 4.
cxb5 a6 5. bxa6 Bxa6 6. Nc3 d6 7. e4 Bxf1 8. Kxf1 Nbd7 9. g3 g6 10. Kg2 Bg7 11. Nf3 O-O 12. a4 Qb6 13. Qe2 Qb3 14.
Ra3 Qb4 15. Qc2 Rfb8 16. Nd2 Ng4 17. h3 Nge5 18. Rd1 c4 19. Nf3 Nxf3 20. Kxf3 Ne5+ 21. Kg2 Nd3 22. Rxd3 cxd3 23. Qxd3 Qd4 24. Qxd4 Bxd4 25. Nb5 Bc5 26. b4 Bxb4 27. Rb3 Bc5 28. Be3 Rxa4 29.
Bxc5 dxc5 30. Kf3 c4 31. Rb1 Ra5 32. Nc3 Rxb1 33. Nxb1 c3 0-1

[Event "*** Titled Tuesday 3|2 Blitz (Late)"]
[Site "Chess.com"]
[Date "2017.01.03"]
[Round "6"]
[White "amurdercastle"]
[Black "JustKid"]
[Result "1-0"]
[WhiteElo "2348"]
[BlackElo "2240"]
[TimeControl "180+2"]
[EndTime "18:08:20 PST"]
[Termination "amurdercastle won by resignation"]

1. d4 Nf6 2. c4 c5 3. d5 e6 4. Nc3 exd5 5. cxd5 d6 6. Nf3 g6 7.
Bf4 a6 8. a4 Bg7 9. h3 O-O 10. e3 Ne8 11. Be2 Nd7 12. O-O b6 13. Qb3 Rb8 14. Nd2 Ne5 15. Bh2 f5 16. Rfe1 Qh4 17.
Bxe5 Bxe5 18. Nf3 Qf6 19. Nxe5 dxe5 20. Rad1 Nd6 21. Bf1 Bd7 22. Bxa6 f4 23. exf4 Qxf4 24. Qc2 Bf5 25. Qd2 Qh4 26. Rxe5 c4 27. Qe3 Bd3 28.
Rxd3 cxd3 29. Bxd3 Rbe8 30. Re6 Kg7 31. Qe5+ Kg8 32.
Qxd6 Qxf2+ 33. Kh2 Rxe6 34. dxe6 Re8 35. Bc4 Kg7 36. e7 Kh6 37. Bb5 Rxe7 38. Qxe7 Qf4+ 39. Kg1 Qc1+ 40. Bf1 1-0